 Dungeon Crawl Stone Soup version 0.20-a0-738-gb057e68 (webtiles) character file.

49 Ijustatesigmund the Conjurer (level 3, -1/19 HPs)
             Began as a Gargoyle Conjurer on Feb 23, 2017.
             Slain by a gnoll
             ... wielding a +0 spear
              (7 damage)
             ... on level 2 of the Dungeon.
             The game lasted 00:04:56 (1666 turns).

Ijustatesigmund the Conjurer (Gargoyle Conjurer)    Turns: 1666, Time: 00:04:57

Health: -1/19      AC:  5    Str: 11    XL:     3   Next: 77%
Magic:  3/8        EV: 12    Int: 16    God:
Gold:   90         SH:  0    Dex: 10    Spells: 3/9 levels left

rFire    . . .     SeeInvis .   i - +0 whip
rCold    . . .     Gourm    .   a - +0 robe
rNeg     + . .     Faith    .   (no shield)
rPois    ∞         Spirit   .   (no helmet)
rElec    +         Reflect  .   (no cloak)
rCorr    .         Harm     .   (no gloves)
MR       .....                  (no boots)
Stlth    ++........             (no amulet)
Regen    0.1/turn               (no ring)
MPRegen  0.2/turn               (no ring)

@: no status effects
A: negative energy resistance 1, electricity resistance, unbreathing,
petrification resistance, rot immunity, AC +3
a: no special abilities


You were on level 2 of the Dungeon.
You were not hungry.

You visited 1 branch of the dungeon, and saw 2 of its levels.

You collected 90 gold pieces.

Inventory:

Hand Weapons
 i - a +0 whip (weapon)
Armour
 a - a +0 robe (worn)
Scrolls
 f - a scroll of remove curse
Potions
 d - 2 potions of curing
 e - 3 potions of heal wounds
 k - 2 potions of flight
 l - a potion of mutation
 m - a potion of degeneration {unknown}
 o - a potion of haste {unknown}
Books
 b - a book of Conjurations

   Spells                             Type                      Level
   a - Magic Dart                     Conjuration                  1
   b - Searing Ray                    Conjuration                  2
   c - Dazzling Spray                 Conjuration/Hexes            3
   d - Fulminant Prism                Conjuration/Hexes            4
   e - Force Lance                    Conjuration/Translocation    4
   f - Iskenderun's Mystic Blast      Conjuration                  4
Comestibles
 c - 2 bread rations
 g - a royal jelly
 h - 2 meat rations
 j - a fruit


   Skills:
 - Level 1.5 Dodging
 - Level 2.1 Stealth
 + Level 3.7 Spellcasting
 - Level 4.3 Conjurations


You had 3 spell levels left.
You knew the following spells:

 Your Spells              Type           Power        Failure   Level  Hunger
a - Magic Dart            Conj           ###.         3%          1    None
b - Searing Ray           Conj           ###...       6%          2    ##.....
c - Dazzling Spray        Conj/Hex       #.....       21%         3    ###....


Dungeon Overview and Level Annotations

Branches:
Dungeon (2/15)

Altars:


Innate Abilities, Weirdness & Mutations

You are resistant to torment.
Your stone body is resilient. (AC +3)
You are immune to poison.
You resist negative energy. (rN+)
You are resistant to electric shocks. (rElec)
You can survive without breathing.
You are immune to petrification.
You are immune to rotting.


Message History

Aiming: Searing Ray
Press: ? - help, Shift-Dir - straight line, f - giant cockroach
Aim: a giant cockroach (clinging)
The searing ray hits the giant cockroach.
The giant cockroach is almost dead. (Press . to maintain the ray.)
The giant cockroach closely misses you.
The gnoll hits you from afar with a spear.
The searing ray hits the giant cockroach.
You kill the giant cockroach!
The gnoll barely misses you.
The searing ray hits the gnoll.
The gnoll is heavily wounded.
The gnoll hits you from afar with a spear.
The searing ray misses the gnoll.
The searing ray hits the gnoll.
The gnoll is severely wounded.
You finish channeling your searing ray.
The gnoll hits you from afar with a spear.
The gnoll hits you from afar with a spear!
You die...

### #@# #†# ###g# #..g###
#.8.(.# #...8.#####
###.8..s....#
###########.....8.....#####
..........'...8(............


You could see 2 gnolls.

Vanquished Creatures
  2 gnolls
  An ooze (D:2)
  A leopard gecko (D:1)
  3 giant cockroaches (D:2)
  4 goblins
  2 hobgoblins (D:1)
  A bat (D:1)
  6 frilled lizards
  5 kobolds
  2 rats
27 creatures vanquished.

Notes
Turn   | Place    | Note
-------+----------+-------------------------------------------
     0 | D:1      | Ijustatesigmund the Gargoyle Conjurer began the quest for the Orb.
     0 | D:1      | Reached XP level 1. HP: 10/10 MP: 3/3
   288 | D:1      | Reached XP level 2. HP: 8/15 MP: 0/5
  1258 | D:2      | Reached XP level 3. HP: 19/19 MP: 0/7
  1656 | D:1      | Learned a level 2 spell: Searing Ray
  1660 | D:1      | Learned a level 3 spell: Dazzling Spray
  1666 | D:2      | Slain by a gnoll

Vault maps used:
D:1:      minmay_arrival_stone_box, serial_bayou_lake_a
D:2:      minmay_splitting_lines, minmay_misc_feat_pillars,
          hangedman_feature_mirror, tgw_fedhas

Skill      XL: |  1  2 |
---------------+-------+-----
Spellcasting   | 3 |  3.7
Dodging        | |  1.5
Stealth        | |  2.1
Conjurations   | |  4.3

Action                   || total
-------------------------++-------
Melee: Dagger            ||    13
       Whip              ||    14
 Cast: Magic Dart        ||    57
       Searing Ray       ||     1
  Use: Scroll            ||     7
  Eat: Chunk             ||     2
       Fruit             ||     1
Armor: Robe              ||     8
Dodge: Dodged            ||    25
